 Dungeon Crawl Stone Soup version 0.32-a0-17-gb74e046682 (webtiles) character file.

Game seed: 15733203732752060848

238777 zazu2006 the Luminary of Lethal Lore (level 19, -3/151 HPs)
             Began as a Gnoll Wanderer on Jan 16, 2024.
             Was the Champion of Vehumet.
             Killed from afar by a deep elf elementalist (29 damage)
             ... with a blast of rock fragments
             ... on level 3 of the Elven Halls.
             The game lasted 03:03:57 (49869 turns).

zazu2006 the Luminary of Lethal Lore (GnWn)        Turns: 49869, Time: 03:03:57

Health: -3/151     AC: 16    Str: 11 (14) XL:     19   Next: 73%
Magic:  11/37      EV: 18    Int: 22      God:    Vehumet [******]
Gold:   4004       SH: 20    Dex: 15 (20) Spells: 12/47 levels left

rFire   + + +        h - +8 rapier of Waruyd {speed, *Slow rN+ rCorr Int+7}
rCold   + + +        X - +2 shield of Resistance {rF++ rC++ Will++}
rNeg    + . .        I - +0 steam dragon scales
rPois   +            D - +2 helmet
rElec   .            a - scarf {rC+ rF+}
rCorr   +            d - +1 pair of gloves
SInv    .            K - +0 pair of boots
Will    ++++.        B - amulet of reflection
Stlth   ++++++       N - ring "Qitt" {+Blink Will+ Dex+6}
HPRegen 0.45/turn    n - ring of poison resistance
MPRegen 0.25/turn

%: slow self (1%), reflection
@: no status effects
A: fangs 1, strong nose, distributed training
}: 1/15 runes: serpentine
a: Renounce Religion, Evoke Blink


You were on level 3 of the Elven Halls.
You worshipped Vehumet.
Vehumet was exalted by your worship.
You visited 5 branches of the dungeon, and saw 29 of its levels.
You also visited: Gauntlet, Ice Cave and Wizlab.

You collected 5028 gold pieces.
You spent 1024 gold pieces at shops.

Inventory:

Hand Weapons
 h - the +8 rapier of Waruyd (weapon) {speed, *Slow rN+ rCorr Int+7}
   (You found it on level 5 of the Dungeon)

   Int+7:     It affects your intelligence (+7).
   rN+:       It protects you from negative energy.
   rCorr:     It protects you from acid and corrosion.
   *Slow:     It may slow you when you take damage.
 y - a +3 falchion of freezing
 T - a +3 scimitar of flaming
Armour
 a - a scarf of resistance (worn)
 d - a +1 pair of gloves (worn)
 C - +2 storm dragon scales {Bai Suzhen}
 D - a +2 helmet (worn)
 I - +0 steam dragon scales (worn)
 K - a +0 pair of boots (worn)
 R - the +1 pair of boots of Rimuir {rF+++ rC- rCorr Str-5}
   (You found it in a Gauntlet)

   Str-5:     It affects your strength (-5).
   rF+++:     It renders you almost immune to fire.
   rC-:       It makes you vulnerable to cold.
   rCorr:     It protects you from acid and corrosion.
 X - the +2 shield of Resistance (worn) {rF++ rC++ Will++}
   (You acquired it in a wizard's laboratory)

   rF++:      It greatly protects you from fire.
   rC++:      It greatly protects you from cold.
   Will++:    It greatly increases your willpower.
Jewellery
 n - a ring of poison resistance (right hand)
 q - a +6 ring of strength
 z - a ring of positive energy
 B - an amulet of reflection (around neck)
 G - a ring of see invisible
 N - the ring "Qitt" (left hand) {+Blink Will+ Dex+6}
   (You found it in a Gauntlet)

   [ring of dexterity]

   Dex+6:     It affects your dexterity (+6).
   Will+:     It increases your willpower.
   +Blink:    It lets you blink.
 S - a ring of resist corrosion
Wands
 g - a wand of charming (4)
 k - a wand of iceblast (26)
 m - a wand of digging (7)
 p - a wand of mindburst (44)
 Q - a wand of flame (11)
 Y - a wand of acid (2)
Scrolls
 b - 5 scrolls of fear
 c - 3 scrolls of fog
 f - 9 scrolls of teleportation
 t - a scroll of amnesia
 u - 5 scrolls of enchant weapon
 v - 4 scrolls of poison
 w - a scroll of immolation
 x - a scroll of vulnerability
 U - 5 scrolls of blinking
 V - 12 scrolls of identify
Potions
 e - a potion of experience
 i - a potion of brilliance
 j - 7 potions of might
 o - 4 potions of resistance
 r - 3 potions of invisibility
 s - 4 potions of magic
 A - 17 potions of curing
 E - a potion of berserk rage
 H - 8 potions of cancellation
 J - a potion of lignification
 M - 4 potions of haste
 O - a potion of mutation
 P - 9 potions of heal wounds
 W - 6 potions of attraction
Miscellaneous
 F - a lightning rod (4/4)
 L - a condenser vane
 Z - a sack of spiders


   Skills:
 + Level 13.7 Fighting
 + Level 13.7 Short Blades
 + Level 13.7 Long Blades
 + Level 13.7 Axes
 + Level 13.7 Maces & Flails
 + Level 13.7 Polearms
 + Level 13.7 Staves
 + Level 13.7 Ranged Weapons
 + Level 13.7 Throwing
 + Level 13.9 Armour
 + Level 14.4 Dodging
 + Level 13.7 Stealth
 + Level 13.7 Shields
 + Level 13.7 Unarmed Combat
 + Level 14.5 Spellcasting
 + Level 11.6 Conjurations
 + Level 11.6 Hexes
 + Level 11.6 Summonings
 + Level 11.6 Necromancy
 + Level 11.6 Translocations
 + Level 12.2 Fire Magic
 + Level 11.6 Ice Magic
 + Level 11.6 Air Magic
 + Level 11.6 Earth Magic
 + Level 11.8 Alchemy
 + Level 14.9 Invocations
 + Level 14.4 Evocations
 + Level 12.6 Shapeshifting


You had 12 spell levels left.
You knew the following spells:

 Your Spells              Type           Power      Damage    Failure   Level
a - Foxfire               Conj/Fire      100%       2x1d9     1%          1
b - Mephitic Cloud        Conj/Alch/Air  61%        N/A       1%          3
c - Sticky Flame          Fire/Alch      62%        2d10      1%          4
d - Blink                 Tloc           100%       N/A       1%          2
e - Flame Wave            Conj/Fire      62%        2d14      1%          4
f - Bombard               Conj/Erth      30%        9d5       3%          6
g - Dispel Undead         Necr           61%        3d21      1%          4
h - Starburst             Conj/Fire      31%        6d9       2%          6
i - Fireball              Conj/Fire      31%        3d13      1%          5

Your spell library contained the following spells:

 Spells                   Type           Power      Damage    Failure   Level
 Ignition                 Fire           31%        3d10      63%         8
 Chain Lightning          Conj/Air       30%        3d40      100%        9
 Fire Storm               Conj/Fire      31%        8d8       100%        9
 Freeze                   Ice            100%       1d10      1%          1
 Kiss of Death            Conj/Necr      100%       2d13      1%          1
 Magic Dart               Conj           100%       1d8       1%          1
 Sting                    Conj/Alch      100%       1d9       1%          1
 Summon Small Mammal      Summ           100%       N/A       1%          1
 Cigotuvi's Dreadful Rot  Necr/Alch/Air  100%       N/A       1%          2
 Ensorcelled Hibernation  Hex/Ice        100%       N/A       1%          2
 Lesser Beckoning         Tloc           100%       N/A       1%          2
 Momentum Strike          Conj/Tloc      100%       3d10      1%          2
 Searing Ray              Conj           100%       2d8       1%          2
 Static Discharge         Conj/Air       100%       3-8/arc   1%          2
 Sublimation of Blood     Necr           61%        N/A       1%          2
 Call Canine Familiar     Summ           61%        N/A       1%          3
 Confusing Touch          Hex            61%        N/A       1%          3
 Frozen Ramparts          Ice            100%       1d16      1%          3
 Fugue of the Fallen      Necr           61%        N/A       1%          3
 Gell's Gravitas          Tloc           61%        N/A       1%          3
 Hailstorm                Conj/Ice       61%        3d11      1%          3
 Inner Flame              Hex/Fire       62%        N/A       1%          3
 Ozocubu's Armour         Ice            61%        N/A       1%          3
 Passwall                 Erth           61%        N/A       1%          3
 Sigil of Binding         Hex            61%        N/A       1%          3
 Summon Ice Beast         Ice/Summ       61%        N/A       1%          3
 Swiftness                Air            61%        N/A       1%          3
 Teleport Other           Tloc           61%        N/A       1%          3
 Airstrike                Air            30%        2d(5-21)  1%          4
 Anguish                  Hex/Necr       30%        N/A       1%          4
 Animate Dead             Necr           61%        N/A       1%          4
 Dimensional Bullseye     Hex/Tloc       30%        N/A       1%          4
 Fulminant Prism          Conj/Alch      30%        3d16      1%          4
 Ignite Poison            Fire/Alch      62%        N/A       1%          4
 Leda's Liquefaction      Alch/Erth      30%        N/A       1%          4
 Manifold Assault         Tloc           61%        N/A       1%          4
 Martyr's Knell           Necr/Summ      61%        N/A       1%          4
 Petrify                  Alch/Erth      61%        N/A       1%          4
 Summon Blazeheart Golem  Fire/Summ      62%        N/A       1%          4
 Summon Lightning Spire   Summ/Air       61%        N/A       1%          4
 Vhi's Electric Charge    Tloc/Air       100%       N/A       1%          4
 Arcjolt                  Conj/Air       30%        1d40      1%          5
 Freezing Cloud           Conj/Ice/Air   30%        6-21      1%          5
 Irradiate                Conj/Alch      30%        3d21      1%          5
 Lee's Rapid Deconstruct  Erth           30%        3d16*     1%          5
 Summon Forest            Summ/Tloc      30%        N/A       1%          5
 Yara's Violent Unravell  Hex/Alch       30%        3d13      1%          5
 Eringya's Noxious Bog    Alch           31%        4d6       2%          6
 Plasma Beam              Fire/Air       31%        2x1d44    2%          6
 Death Channel            Necr           30%        N/A       11%         6
 Dispersal                Tloc           30%        N/A       11%         6
 Sculpt Simulacrum        Ice/Alch       30%        N/A       11%         6
 Ozocubu's Refrigeration  Ice            30%        4d14      16%         7
 Haunt                    Necr/Summ      30%        N/A       52%         7
 Monstrous Menagerie      Summ           30%        N/A       52%         7
 Summon Hydra             Summ           30%        N/A       52%         7
 Maxwell's Capacitive Co  Air            30%        ∞         71%         8
 Polar Vortex             Ice            30%        12d4*     100%        9


Dungeon Overview and Level Annotations

Branches:
Dungeon (15/15)            Temple (0/1) D:7            Lair (5/5) D:9
 Shoals (0/4) Lair:2        Snake (4/4) Lair:3        Slime (0/5) Lair:5
    Orc (2/2) D:12            Elf (3/3) Orc:2        Vaults (0/5) D:14
 Depths (0/4) D:15          IceCv (visited)          WizLab (visited)
Gauntlet (visited)

Altars:
Cheibriados
Dithmenos
Elyvilon
Fedhas
Nemelex Xobeh
Qazlal
Ru
Sif Muna
Trog
Uskayaw
Vehumet
Xom
Yredelemnul
The Shining One
Jiyva

Shops:
D:1 :   D:6 *   D:10 =   Orc:2 *[=[   Elf:1 *   Elf:2 ?   Elf:3 =*   Snake:1 !
Snake:4 **

Annotations:
D:6 3 runed translucent doors, Pokonic1's ghost, novice TrBe
D:9 3 runed translucent doors, Aldia's ghost, novice AtFi; asd2613's ghost, novice DrSh
D:11 2 transporters, tmcgee265's ghost, journeyman MfFi
Lair:4 2 transporters, exclusion: ice statue, cforsyth's ghost, journeyman OnSh


Innate Abilities, Weirdness & Mutations

You have very sharp teeth.
Your uncanny sense of smell can sniff out nearby items.
Your experience applies equally to all skills.


Message History

The deep elf elementalist points next to you and mumbles some strange words.
The wall shatters!
The blast of rock fragments hits you!!
* * * LOW HITPOINT WARNING * * *
Things that are here:
a +0 rapier; an elf corpse Unknown command.
Casting: Mephitic Cloud (safe; 1% risk of failure)
Confirm with . or Enter, or press ? or * to list all spells.
Aiming: Mephitic Cloud (safe; 1% risk of failure)
Press: ? - help, Shift-Dir - straight line, f - deep elf death mage
Aim: a deep elf death mage, wielding a +0 dagger and wearing a +0 leather armour (almost dead, chance to affect: 20%)
The ball explodes into a vile cloud!
The stinking cloud engulfs the deep elf death mage.
The deep elf death mage is almost dead.
The stinking cloud engulfs the deep elf death mage. x2
The deep elf death mage is severely wounded.
The stinking cloud engulfs the lost soul.
The lost soul is heavily damaged.
The deep elf death mage is engulfed in noxious fumes. x2
The deep elf death mage appears confused.
The deep elf death mage shouts, "What's happening?!"
Unknown command.
Unknown command.
Casting: Mephitic Cloud (safe; 1% risk of failure)
Confirm with . or Enter, or press ? or * to list all spells.
Aiming: Mephitic Cloud (safe; 1% risk of failure)
Press: ? - help, Shift-Dir - straight line, f/p - deep elf death mage
Aim: a deep elf death mage, wielding a +0 dagger and wearing a +0 leather armour (freezing vapour, almost dead, chance to affect: 20%)
The ball explodes into a vile cloud!
The stinking cloud engulfs the deep elf death mage.
The deep elf death mage is almost dead.
The stinking cloud engulfs you.
The stinking cloud engulfs the deep elf death mage.
The deep elf death mage is engulfed in freezing vapours.
The lost soul assumes the form of the deep elf death mage and becomes anchored to this world!
The ghostly deep elf death mage completely misses you.
A deep elf annihilator comes into view. It is wielding a +0 dagger.
The deep elf elementalist casts a spell next to you.
The wall shatters!
The blast of rock fragments hits you!!
You die...

*,* ##.###.............#.#** *,*
##.## #....#...#....#,,,,
*,*##.## ##...........##****
*,##.## ##.........#######
##+#'## ##.......##......
##...## ##..*..##......#
##.....## ###○###.......#
#...P...##########***..........#
#..P8P..'.e.°..@eee*°..........'
#...P...##########*e...........#
##.....## #######☼.*..........#
##...## ##.....##............#
##### ##.......##.........###
##..P...P..'##.....##+..
##...........####.###....
#..P.......P..#*### #....
#.............#******,..,


You could see 2 deep elf death magi, a ghostly deep elf death mage, a deep elf
annihilator, a deep elf elementalist (repels missiles) and 6 lost souls.

Vanquished Creatures
  Bai Suzhen (Snake:4)
  Mlioglotl (Snake:2)
  A deep elf blademaster (Elf:2)
  The ghost of Vuushr Kima the Black Sun, an adept DsNe of Kikubaaqudgha (Snake:3)
  A sphinx (WizLab)
  A tentacled starspawn (WizLab)
  Kirke (Lair:5)
  Donald (Snake:2)
  6 nagarajas
  A frost giant (D:15)
  8 deep elf sorcerers
  An orc warlord (D:14)
  A deep elf elementalist (Elf:3)
  A stone giant (WizLab)
  5 demonspawn corrupters (WizLab)
  An ironbound preserver (D:14)
  A minotaur (Gauntlet)
  A white draconian (IceCv)
  An ettin (Orc:1)
  2 fire dragons
  Erolcha (D:10)
  8 salamander tyrants
  A deep elf high priest (WizLab)
  6 hydras
  2 centaur warriors
  An ice dragon (Lair:5)
  A catoblepas (D:14)
  A merfolk aquamancer (WizLab)
  12 anacondas
  9 boulder beetles
  A death knight (D:15)
  5 two-headed ogres
  12 naga warriors
  7 death yaks
  A deep troll earth mage (D:15)
  4 orc high priests
  19 dancing weapons
  2 occultists
  Urug (D:13)
  20 naga sharpshooters
  6 shock serpents
  A hell knight (WizLab)
  19 deep elf knights
  2 skysharks
  4 skeletal warriors
  7 salamander mystics
  2 glowing orange brains (WizLab)
  8 deep elf archers
  3 sea snakes
  8 mana vipers
  6 naga ritualists
  4 arcanists
  A swamp dragon (WizLab)
  2 necromancers (WizLab)
  Pikel (D:4)
  2 lindwurms (Lair:5)
  13 deep elf zephyrmancers
  2 harpies (shapeshifter)
  7 orc knights
  19 deep elf pyromancers
  7 orc sorcerers
  8 cyclopes
  19 salamanders
  17 ugly things
  13 elephants
  Joseph (D:8)
  A moth of wrath (Gauntlet)
  3 wolf spiders
  7 manticores
  5 worldbinders (WizLab)
  4 meliai (D:14)
  30 black mambas
  7 guardian serpents
  3 kobold blastminers
  2 ice statues (IceCv)
  A water nymph (WizLab)
  10 naga magi
  5 torpor snails (Lair:5)
  A water nymph (shapeshifter) (WizLab)
  5 gargoyles
  3 cane toads
  5 rime drakes
  A minotaur zombie (Gauntlet)
  4 unseen horrors
  2 freezing wraiths (D:15)
  15 komodo dragons
  2 kobold demonologists (D:10)
  An efreet (D:13)
  2 yaktaurs (D:15)
  A tengu conjurer (D:14)
  5 trolls
  4 tyrant leeches (Lair:5)
  2 polar bears
  8 hornets
  18 dream sheep
  A raiju (Gauntlet)
  20 blink frogs
  10 slime creatures
  4 water elementals
  3 shadows
  A vampire (D:9)
  5 air elementals
  4 centaur simulacra
  47 yaks
  A spriggan (shapeshifter) (D:14)
  6 hogs (Lair:5)
  10 wyverns
  4 wraiths
  4 fire elementals
  5 vampire mosquitoes
  5 basilisks
  A warg (Orc:1)
  3 redbacks (Gauntlet)
  A death yak simulacrum (Lair:5)
  Menkaure (D:7)
  45 nagas
  4 steam dragons
  11 water moccasins
  An acid dragon (D:12)
  The ghost of Lobster4 the Gusty, an amateur TeAE (D:4)
  31 orc warriors
  2 black bears
  A sky beast (D:7)
  20 wolves
  12 centaurs
  6 ogres
  2 lemures (D:4)
  A phantom (D:5)
  5 kobold brigands
  19 bullfrogs
  2 gnoll sergeants
  An earth elemental (Elf:1)
  6 scorpions
  7 wights
  A killer bee (D:10)
  3 lindwurm simulacra (IceCv)
  A howler monkey (D:7)
  2 electric eels
  A bombardier beetle (D:6)
  2 hounds
  10 komodo dragon simulacra (IceCv)
  7 jellies
  35 orc priests
  2 sleepcaps (D:7)
  3 iguanas
  Ijyb (D:3)
  57 orc wizards
  A wolf simulacrum (Lair:5)
  3 acid dragon simulacra (IceCv)
  7 adders
  5 gnolls (D:7)
  4 shadow imps
  5 white imps
  5 steam dragon simulacra (IceCv)
  3 ribbon worms
  10 dart slugs
  78 orcs
  4 ball pythons
  5 endoplasms
  5 giant cockroaches
  6 goblins
  4 hobgoblins (D:3)
  21 kobolds
  4 quokkas
  3 bats
  4 frilled lizards
  7 rats
  2 foxfires
  A starspawn tentacle (WizLab)
1115 creatures vanquished.

Vanquished Creatures (collateral kills)
  8 foxfires (D:5)
8 creatures vanquished.

Vanquished Creatures (others)
  A deep elf elementalist (Elf:3)
  A dancing weapon (Elf:2)
  A naga warrior (Snake:3)
  An occultist (Gauntlet)
  A deep elf knight (Elf:1)
  A deep elf pyromancer (Elf:1)
  An unseen horror (D:7)
  A rime drake (IceCv)
  A human (Lair:5)
  3 nagas
  A centaur (D:15)
  An orc wizard (D:5)
  798 foxfires
  A starspawn tentacle (WizLab)
813 creatures vanquished.

Grand Total: 1936 creatures vanquished

Notes
Turn   | Place    | Note
-------+----------+-------------------------------------------
     0 | D:1      | zazu2006 the Gnoll Wanderer began the quest for the Orb.
     0 | D:1      | zazu2006 set off with the following items: a +0 dagger, a
                  | scroll of fear, a +0 robe, a +0 cloak; and the following
                  | spells available to memorise: Foxfire, Sting, Inner Flame,
                  | Mephitic Cloud, Flame Wave.
     0 | D:1      | Reached XP level 1. HP: 13/13 MP: 6/6
     2 | D:1      | Learned a level 1 spell: Foxfire
   231 | D:1      | Reached XP level 2. HP: 19/19 MP: 5/7
   441 | D:1      | Found Pusiu's Book Shoppe.
   634 | D:1      | Reached skill level 5 in Spellcasting
   634 | D:1      | Reached XP level 3. HP: 24/25 MP: 5/9
   638 | D:1      | Learned a level 3 spell: Mephitic Cloud
   766 | D:1      | Reached skill level 1 in Invocations
  1505 | D:2      | Reached skill level 1 in Fighting
  1505 | D:2      | Reached skill level 1 in Short Blades
  1505 | D:2      | Reached skill level 1 in Long Blades
  1505 | D:2      | Reached skill level 1 in Axes
  1505 | D:2      | Reached skill level 1 in Maces & Flails
  1505 | D:2      | Reached skill level 1 in Polearms
  1505 | D:2      | Reached skill level 1 in Staves
  1505 | D:2      | Reached skill level 1 in Ranged Weapons
  1505 | D:2      | Reached skill level 1 in Throwing
  1505 | D:2      | Reached skill level 1 in Stealth
  1505 | D:2      | Reached skill level 1 in Shields
  1505 | D:2      | Reached skill level 1 in Unarmed Combat
  1979 | D:3      | Noticed Ijyb
  2004 | D:3      | Killed Ijyb
  2005 | D:3      | Reached skill level 1 in Shapeshifting
  2005 | D:3      | Reached XP level 4. HP: 30/32 MP: 0/11
  2120 | D:3      | Reached skill level 1 in Conjurations
  2120 | D:3      | Reached skill level 1 in Hexes
  2120 | D:3      | Reached skill level 1 in Summonings
  2120 | D:3      | Reached skill level 1 in Necromancy
  2120 | D:3      | Reached skill level 1 in Translocations
  2120 | D:3      | Reached skill level 1 in Ice Magic
  2120 | D:3      | Reached skill level 1 in Air Magic
  2120 | D:3      | Reached skill level 1 in Earth Magic
  2176 | D:3      | Reached XP level 5. HP: 23/37 MP: 2/12
  3221 | D:4      | Noticed Lobster4's ghost (amateur TeAE)
  3221 | D:4      | Found a runed translucent door.
  3375 | D:4      | Found a radiant altar of Vehumet.
  3379 | D:4      | Became a worshipper of Vehumet
  3385 | D:4      | Found a white marble altar of Elyvilon.
  3388 | D:4      | Found a stormy altar of Qazlal.
  3391 | D:4      | Found a sacrificial altar of Ru.
  3457 | D:4      | Found a glowing golden altar of the Shining One.
  3474 | D:4      | Reached skill level 5 in Dodging
  3474 | D:4      | Reached skill level 5 in Evocations
  3474 | D:4      | Reached XP level 6. HP: 44/44 MP: 7/14
  3791 | D:4      | Found a bloodstained altar of Trog.
  3816 | D:4      | Noticed Pikel
  3976 | D:4      | Killed Pikel
  3977 | D:4      | Reached XP level 7. HP: 51/51 MP: 11/15
  4286 | D:5      | Entered Level 5 of the Dungeon
  4651 | D:5      | Reached XP level 8. HP: 55/58 MP: 10/16
  5043 | D:5      | Found a basalt altar of Yredelemnul.
  5684 | D:5      | Identified the +8 rapier of Waruyd {speed, *Slow rN+ rCorr
                  | Int+7}
  5793 | D:6      | Found Fiweov's Assorted Antiques.
  5945 | D:6      | Reached skill level 5 in Fire Magic
  6271 | D:6      | Reached XP level 9. HP: 59/65 MP: 15/18
  6617 | D:6      | Found a runed translucent gate.
  6618 | D:6      | Found a runed translucent gate.
  6619 | D:6      | Found a runed translucent gate.
  6620 | D:6      | Noticed Pokonic1's ghost (novice TrBe)
  6832 | D:6      | Reached skill level 5 in Armour
  7274 | D:7      | Reached * piety under Vehumet
  7274 | D:7      | Offered knowledge of Shock by Vehumet.
  7274 | D:7      | Noticed Menkaure
  7296 | D:7      | Killed Menkaure
  7563 | D:7      | HP: 2/66 [something (6)]
  7563 | D:7      | Killed an unseen horror
  7564 | D:7      | Reached skill level 5 in Invocations
  7844 | D:4      | Killed Lobster4's ghost
  8347 | D:7      | Found a snail-covered altar of Cheibriados.
  8375 | D:7      | Found a staircase to the Ecumenical Temple.
  8375 | D:7      | Noticed a manticore
  8380 | D:7      | Killed a manticore
  8381 | D:7      | Reached skill level 5 in Fighting
  8381 | D:7      | Reached skill level 5 in Short Blades
  8381 | D:7      | Reached skill level 5 in Long Blades
  8381 | D:7      | Reached skill level 5 in Axes
  8381 | D:7      | Reached skill level 5 in Maces & Flails
  8381 | D:7      | Reached skill level 5 in Polearms
  8381 | D:7      | Reached skill level 5 in Staves
  8381 | D:7      | Reached skill level 5 in Ranged Weapons
  8381 | D:7      | Reached skill level 5 in Throwing
  8381 | D:7      | Reached skill level 5 in Stealth
  8381 | D:7      | Reached skill level 5 in Shields
  8381 | D:7      | Reached skill level 5 in Unarmed Combat
  8381 | D:7      | Reached XP level 10. HP: 74/74 MP: 16/20
  8866 | D:7      | Reached skill level 5 in Alchemy
  8928 | D:7      | Identified the ring of Ogiah {rCorr Int+5}
  9020 | D:7      | Reached ** piety under Vehumet
  9020 | D:7      | Offered knowledge of Kiss of Death by Vehumet.
  9298 | D:8      | Reached skill level 5 in Shapeshifting
  9439 | D:8      | Noticed Joseph
  9450 | D:8      | Killed Joseph
 10139 | D:9      | Noticed a death yak
 10389 | D:9      | Noticed a death yak
 10399 | D:9      | Noticed a death yak
 10405 | D:9      | Killed a death yak
 10406 | D:9      | Reached skill level 5 in Conjurations
 10406 | D:9      | Reached skill level 5 in Hexes
 10406 | D:9      | Reached skill level 5 in Summonings
 10406 | D:9      | Reached skill level 5 in Necromancy
 10406 | D:9      | Reached skill level 5 in Translocations
 10406 | D:9      | Reached skill level 5 in Ice Magic
 10406 | D:9      | Reached skill level 5 in Air Magic
 10406 | D:9      | Reached skill level 5 in Earth Magic
 10406 | D:9      | Reached XP level 11. HP: 81/81 MP: 13/23
 10435 | D:9      | Killed a death yak
 10541 | D:8      | Killed a death yak
 10840 | D:9      | Found a staircase to the Lair.
 10964 | D:9      | Found a runed translucent gate.
 10965 | D:9      | Found a runed translucent gate.
 10971 | D:9      | Found a runed translucent gate.
 10972 | D:9      | Noticed Aldia's ghost (novice AtFi)
 10972 | D:9      | Noticed asd2613's ghost (novice DrSh)
 11081 | D:9      | Offered knowledge of Scorch by Vehumet.
 11261 | D:10     | Entered Level 10 of the Dungeon
 11261 | D:10     | Found Ziuquone's Jewellery Emporium.
 11319 | D:10     | Noticed a boulder beetle
 11347 | D:10     | Noticed Erolcha
 11582 | D:10     | Noticed an orc knight
 11588 | D:10     | Noticed a centaur warrior
 11589 | D:10     | Reached *** piety under Vehumet
 11590 | D:10     | Noticed a sixfirhy
 11590 | D:10     | Noticed a boulder beetle
 11618 | D:10     | Killed an orc knight
 11630 | D:10     | a queen bee changed into a harpy
 11630 | D:10     | Noticed a harpy (shapeshifter)
 11642 | D:10     | Killed a harpy
 11719 | D:10     | Noticed an orc knight
 11949 | D:10     | Killed a boulder beetle
 12050 | D:10     | Found a sparkling altar of Nemelex Xobeh.
 12050 | D:10     | Found a shimmering blue altar of Sif Muna.
 12057 | D:10     | Found a shadowy altar of Dithmenos.
 12059 | D:10     | Found a faded altar of an unknown god.
 12060 | D:10     | Found a blossoming altar of Fedhas.
 12107 | D:10     | Reached XP level 12. HP: 91/91 MP: 24/24
 12319 | D:10     | Noticed a two-headed ogre
 12326 | D:10     | Killed a boulder beetle
 12329 | D:10     | Killed Erolcha
 12329 | D:10     | Offered knowledge of Sticky Flame by Vehumet.
 12339 | D:10     | Killed a two-headed ogre
 12344 | D:10     | Killed a centaur warrior
 12351 | D:10     | Identified the staff of Plague {rElec Str-5 Int+3 Stlth+
                  | Air Earth}
 12487 | D:10     | Noticed a two-headed ogre
 12496 | D:10     | Killed a two-headed ogre
 12804 | Lair:1   | Entered Level 1 of the Lair of Beasts
 13013 | Lair:1   | Reached **** piety under Vehumet
 13687 | Lair:2   | Noticed a skyshark
 13688 | Lair:2   | Offered knowledge of Volatile Blastmotes by Vehumet.
 13702 | Lair:2   | Killed a skyshark
 13757 | Lair:2   | Found a staircase to the Shoals.
 13762 | Lair:2   | Reached XP level 13. HP: 98/98 MP: 24/26
 14025 | Lair:2   | Identified a scroll of acquirement
 14026 | Lair:2   | Acquired 1146 gold pieces
 14638 | Lair:3   | Reached ***** piety under Vehumet
 14688 | Lair:3   | Offered knowledge of Ignite Poison by Vehumet.
 14704 | Lair:3   | Found a gate leading to a gauntlet.
 14720 | Gauntlet | Entered a Gauntlet
 14720 | Gauntlet | Found a transporter.
 14720 | Gauntlet | Found a transporter.
 14730 | Gauntlet | Found a transporter.
 14732 | Gauntlet | Found a transporter.
 14742 | Gauntlet | Found a transporter.
 14746 | Gauntlet | Found a transporter.
 14761 | Gauntlet | Found a transporter.
 14762 | Gauntlet | Found a transporter.
 14850 | Gauntlet | Found a transporter.
 14852 | Gauntlet | Found a transporter.
 14862 | Gauntlet | Found a transporter.
 14866 | Gauntlet | Found a transporter.
 15127 | Gauntlet | Reached skill level 10 in Spellcasting
 15186 | Gauntlet | Identified the ring "Qitt" {+Blink Will+ Dex+6}
 15190 | Gauntlet | Identified the granite talisman "Colaf" {rF++}
 15237 | Gauntlet | Identified the +1 pair of boots of Rimuir {rF+++ rC- rCorr
                  | Str-5}
 15385 | Gauntlet | Noticed a minotaur
 15403 | Gauntlet | Killed a minotaur
 15688 | Lair:3   | Reached skill level 10 in Dodging
 15688 | Lair:3   | Reached skill level 10 in Evocations
 15757 | Lair:3   | You fall into a shaft and drop 1 floor!
 16068 | Lair:4   | Learned a level 4 spell: Sticky Flame
 16069 | Lair:4   | Found a transporter.
 16224 | Lair:4   | Reached XP level 14. HP: 105/108 MP: 28/28
 16227 | Lair:4   | Reached skill level 10 in Invocations
 16455 | Lair:4   | Noticed cforsyth's ghost (journeyman OnSh)
 16465 | Lair:4   | Found a transporter.
 17080 | Lair:3   | Found a staircase to the Snake Pit.
 17121 | Lair:3   | Learned a level 2 spell: Blink
 17768 | Lair:1   | Acquired the +1 buckler "Wuedwyore" {Str+5}
 17852 | Lair:5   | Entered Level 5 of the Lair of Beasts
 17856 | Lair:5   | Found a frozen archway.
 17859 | Lair:5   | Noticed Kirke
 17883 | Lair:5   | Killed Kirke
 17888 | IceCv    | Entered an ice cave
 17907 | IceCv    | Learned a level 4 spell: Flame Wave
 18189 | IceCv    | Offered knowledge of Yara's Violent Unravelling by Vehumet.
 18224 | IceCv    | Noticed a white draconian
 18243 | IceCv    | Killed a white draconian
 18317 | IceCv    | Identified the ring "Piaplea" {*Corrode rN+ EV+5 Dex+3}
 18321 | IceCv    | Identified the ring "Pytraw" {Fire rElec Str+4}
 18534 | Lair:5   | Found a staircase to the Slime Pits.
 18551 | Lair:5   | Reached skill level 10 in Armour
 19470 | Lair:5   | Reached skill level 10 in Fighting
 19470 | Lair:5   | Reached skill level 10 in Short Blades
 19470 | Lair:5   | Reached skill level 10 in Long Blades
 19470 | Lair:5   | Reached skill level 10 in Axes
 19470 | Lair:5   | Reached skill level 10 in Maces & Flails
 19470 | Lair:5   | Reached skill level 10 in Polearms
 19470 | Lair:5   | Reached skill level 10 in Staves
 19470 | Lair:5   | Reached skill level 10 in Ranged Weapons
 19470 | Lair:5   | Reached skill level 10 in Throwing
 19470 | Lair:5   | Reached skill level 10 in Stealth
 19470 | Lair:5   | Reached skill level 10 in Shields
 19470 | Lair:5   | Reached skill level 10 in Unarmed Combat
 19744 | Lair:5   | Reached XP level 15. HP: 115/115 MP: 28/30
 20141 | Lair:5   | Found a viscous altar of Jiyva.
 20150 | Lair:5   | Offered knowledge of Starburst by Vehumet.
 20792 | D:11     | Found a transporter.
 20798 | D:11     | Noticed tmcgee265's ghost (journeyman MfFi)
 21030 | D:11     | Learned a level 6 spell: Bombard
 21078 | D:11     | Found a transporter.
 21624 | D:11     | Learned a level 4 spell: Dispel Undead
 22160 | D:12     | Found a staircase to the Orcish Mines.
 22330 | D:12     | Got the Compendium of Posthumous Companions
 23476 | D:12     | Found a hide-covered altar of Uskayaw.
 23619 | Orc:1    | Entered Level 1 of the Orcish Mines
 23653 | D:12     | Learned a level 6 spell: Starburst
 23779 | Orc:1    | Offered knowledge of Irradiate by Vehumet.
 24054 | Orc:2    | Entered Level 2 of the Orcish Mines
 24931 | Orc:2    | Found a staircase to the Elven Halls.
 25165 | Orc:2    | Found Dufuc's Jewellery Emporium.
 25165 | Orc:2    | Found Wibusu's General Store.
 25166 | Orc:2    | Found Daenacix's Antique Armour Shoppe.
 25297 | Orc:2    | Reached skill level 10 in Shapeshifting
 25355 | Orc:2    | Reached skill level 10 in Fire Magic
 25465 | Orc:2    | Found Mosusun's Armour Emporium.
 25849 | Orc:2    | Bought a steaming troll leather armour for 640 gold pieces
 25849 | Orc:2    | Identified the +0 troll leather armour of Understanding
                  | {rPois Will- Regen+ Str+5 Dex+3} (You bought it in a shop
                  | on level 2 of the Orcish Mines)
 26013 | D:13     | Reached XP level 16. HP: 101/124 MP: 19/32
 26310 | D:13     | Noticed Urug
 26326 | D:13     | Killed Urug
 27317 | D:14     | Reached ****** piety under Vehumet
 27517 | D:14     | Found a gate to the Vaults.
 27524 | D:14     | Offered knowledge of Spellforged Servitor by Vehumet.
 28509 | D:15     | Entered Level 15 of the Dungeon
 29620 | D:15     | Found a staircase to the Depths.
 29640 | D:15     | Reached skill level 10 in Alchemy
 30007 | Snake:1  | Entered Level 1 of the Snake Pit
 31532 | Snake:1  | Found Nosil's Distillery.
 31535 | Snake:1  | Offered knowledge of Fireball by Vehumet.
 31554 | Snake:1  | Learned a level 5 spell: Fireball
 31579 | Snake:1  | Bought a potion of heal wounds for 55 gold pieces
 31674 | Snake:1  | Reached XP level 17. HP: 53/133 MP: 29/33
 32385 | Snake:1  | Reached skill level 10 in Conjurations
 32385 | Snake:1  | Reached skill level 10 in Hexes
 32385 | Snake:1  | Reached skill level 10 in Summonings
 32385 | Snake:1  | Reached skill level 10 in Necromancy
 32385 | Snake:1  | Reached skill level 10 in Translocations
 32385 | Snake:1  | Reached skill level 10 in Ice Magic
 32385 | Snake:1  | Reached skill level 10 in Air Magic
 32385 | Snake:1  | Reached skill level 10 in Earth Magic
 34138 | Snake:2  | Noticed Donald
 34519 | Snake:2  | Noticed Mlioglotl
 34548 | Snake:2  | Killed Mlioglotl
 34683 | Snake:2  | Killed Donald
 36544 | Snake:3  | Offered knowledge of Conjure Ball Lightning by Vehumet.
 37517 | Snake:4  | Entered Level 4 of the Snake Pit
 38007 | Snake:4  | Found a runed translucent door.
 38007 | Snake:4  | Found a shimmering altar of Xom.
 38007 | Snake:4  | Noticed Vuushr Kima's ghost (adept DsNe)
 38384 | Snake:4  | Found Utepit's General Store.
 38673 | Snake:4  | Reached XP level 18. HP: 84/141 MP: 19/35
 38967 | Snake:4  | Noticed Bai Suzhen
 39502 | Snake:4  | Offered knowledge of Fire Storm by Vehumet.
 39502 | Snake:4  | Offered knowledge of Chain Lightning by Vehumet.
 39502 | Snake:4  | Offered knowledge of Ignition by Vehumet.
 40576 | Snake:4  | Found Poipuesu's Overcharged Wands.
 41438 | Snake:4  | Got a serpentine rune of Zot
 42221 | Snake:4  | Killed Bai Suzhen
 42448 | Snake:4  | Paralysed by a +0 glaive of chaos for 1 turns
 43765 | Snake:3  | Killed Vuushr Kima's ghost
 44030 | Elf:1    | Entered Level 1 of the Elven Halls
 44478 | Elf:1    | Found Eshil's General Store.
 44482 | Elf:1    | Bought a scroll of blinking for 82 gold pieces
 44482 | Elf:1    | Bought a scroll of blinking for 82 gold pieces
 44892 | Elf:1    | Paralysed by an air elemental for 1 turns
 46236 | Elf:2    | Found Hitiuq's Magic Scroll Shop.
 46269 | Elf:2    | Paralysed by an air elemental for 1 turns
 46361 | Elf:2    | Reached XP level 19. HP: 137/149 MP: 20/37
 46532 | Elf:2    | Found a runed translucent gate.
 46533 | Elf:2    | Found a runed translucent gate.
 46538 | Elf:2    | Found a runed translucent gate.
 47925 | Elf:3    | Entered Level 3 of the Elven Halls
 47957 | Elf:3    | Paralysed by an air elemental for 1 turns
 47975 | Elf:3    | Found Tociosi's Assorted Antiques.
 47975 | Elf:3    | Found Setu Voj's Jewellery Boutique.
 47987 | Elf:3    | Bought a potion of heal wounds for 165 gold pieces
 48152 | Elf:3    | Found a magical portal.
 48157 | WizLab   | Entered Alistair's Party Mansion
 49471 | WizLab   | Got the Notes on the Ouroboros
 49483 | WizLab   | Acquired the +2 shield of Resistance {rF++ rC++ Will++}
 49483 | WizLab   | Found the +2 shield of Resistance {rF++ rC++ Will++}
 49869 | Elf:3    | Killed from afar by a deep elf elementalist

Illustrated notes

Levels and vault maps discovered:
D:1:      nagdon_arrival_double_spiral, layout_basic, serial_shops, shop_statue,
          hex_tiny, wad_floor_pattern_2
D:2:      layout_rooms, minmay_door_square, minivault_24,
          kennysheep_cross_bottleneck
D:3:      layout_loops_cross, minmay_increasing_density, uniq_ijyb
D:4:      layout_cave_pools, grunt_temple_overflow_cloverleaf,
          mainiacjoe_overflow_catwalk_spiral, hellmonk_ghost_happy_afterlife,
          minmay_misc_feat_x, kennysheep_generic_room_2, uniq_pikel
D:5:      layout_basic, mainiacjoe_overflow_boulevard
D:6:      layout_basic, gammafunk_ghost_necromancy, serial_shops, shop_statue,
          hangedman_decor_diamond_cutter,
          serial_library_regret_index_double_sided
D:7:      minmay_the_grid_triangle_9x9_rhombus_thin
          [minmay_the_grid_triangle_9x9_minimal,
          minmay_the_grid_triangle_9x9_prize_top_heavy,
          minmay_the_grid_triangle_9x9_shrine,
          minmay_the_grid_triangle_9x9_sprig], layout_loops_ring,
          nicolae_overflow_crystal_walls, minmay_temple_entry_crystal_x,
          amcnicky_mini_pool_small, grunt_ministairs_4, uniq_menkaure
D:8:      layout_loops_corners, uniq_joseph
D:9:      layout_cave_pools, dpeg_lair_monsters, gammafunk_ghost_cemetery
D:10:     hangedman_cross_cluster, layout_rooms,
          chequers_temple_overflow_minitemple, serial_glass, glass_columns_a,
          glass_columns_c, glass_columns_a, glass_columns_b, glass_columns_c,
          glass_columns_a, serial_shops, shop, uniq_erolcha
D:11:     layout_basic, gammafunk_ghost_arena
D:12:     nzn_winding_woodlands_three_and_one [nzn_winding_woodlands_5x15_eye,
          nzn_winding_woodlands_5x15_default,
          nzn_winding_woodlands_5x15_lazy_stream,
          nzn_winding_woodlands_center_pierced_h], layout_layer_cave,
          minmay_orc_entry_temple_large, nicolae_uskayaw_suspiria
D:13:     layout_cave_pools, uniq_urug
D:14:     layout_loops_cross, skrybe_vaults_entry_preservation, fountainhead,
          lightli_church_of_beogh
D:15:     hellmonk_depths_entry_around_the_bend, layout_loops_ring,
          hangedman_decor_points
Lair:1:   layout_cave_pods, infiniplex_staircase_pool
Lair:2:   layout_chaotic_city, shoals_dummy_entry
Lair:3:   layout_hall_layers, guppyfry_snake_entry_garden,
          gauntlet_entry_generic, nzn_sisyphean_effort,
          infiniplex_staircase_pool_2, serial_bayou_shore_b
Lair:4:   layout_gridlike, nzn_ghost_randoct, beast_lair_carwin_10
Lair:5:   wormcave, layout_small_grid, nicolae_slime_entry_field_trip,
          lightli_volcano_entry_magma_tube, portal_ice_cave_entry_ice_simulacra,
          uniq_kirke
Snake:1:  nicolae_snake_shooting_gallery, layout_layer_cave, serial_shops,
          nicolae_shop_behind_doors, nicolae_snake_gridmaze_swirls
Snake:2:  layout_grid_maze, uniq_mlioglotl, uniq_donald
Snake:3:  layout_grid_maze, lemuel_fruit_tree, grunt_megastairs_4,
          serial_bayou_shore_a
Snake:4:  grunt_snake_rune_pools, layout_cave_town, ebering_ghost_xom,
          serial_shops, nicolae_shop_waterfront, nicolae_shop_overcharged_wands,
          uniq_bai_suzhen
Orc:1:    layout_diamond_mine
Orc:2:    st_orc_mages, layout_caves
Elf:1:    layout_geoelf_octagon, serial_shops, nicolae_shop_crystal,
          minivault_28, minivault_24
Elf:2:    elven_hall_of_blades_hangedman_original
          [nicolae_vaults_blade_armed_guards], layout_rooms, serial_shops,
          shop_fountains, grunt_ministairs_12
Elf:3:    minmay_elf_hall_statues, layout_geoelf_diagonals, mu_enter_wizlab_2,
          nicolae_elf_crossing_hall, minmay_shoptagon

Skill      XL: |  1  2  3  4  5  6  7  8  9 10 11 12 13 14 15 16 17 18 19 |
---------------+----------------------------------------------------------+-----
Alchemy        | 2 3 4 5 6 7 8 9 10 11 | 11.8
Spellcasting   | 5 6 7 8 9 10 11 12 13 14 | 14.5
Invocations    | 1 2 3 4 5 6 7 8 9 10 11 12 13 14 | 14.9
Fighting       | 1 2 3 5 6 7 8 9 10 11 12 13 | 13.7
Short Blades   | 1 2 3 5 6 7 8 9 10 11 12 13 | 13.7
Long Blades    | 1 2 3 5 6 7 8 9 10 11 12 13 | 13.7
Axes           | 1 2 3 5 6 7 8 9 10 11 12 13 | 13.7
Maces & Flails | 1 2 3 5 6 7 8 9 10 11 12 13 | 13.7
Polearms       | 1 2 3 5 6 7 8 9 10 11 12 13 | 13.7
Staves         | 1 2 3 5 6 7 8 9 10 11 12 13 | 13.7
Ranged Weapons | 1 2 3 5 6 7 8 9 10 11 12 13 | 13.7
Throwing       | 1 2 3 5 6 7 8 9 10 11 12 13 | 13.7
Stealth        | 1 2 3 5 6 7 8 9 10 11 12 13 | 13.7
Shields        | 1 2 3 5 6 7 8 9 10 11 12 13 | 13.7
Unarmed Combat | 1 2 3 5 6 7 8 9 10 11 12 13 | 13.7
Shapeshifting  | 1 2 3 4 5 6 7 8 9 10 11 12 | 12.6
Conjurations   | 1 2 3 4 5 6 7 8 9 10 11 | 11.6
Hexes          | 1 2 3 4 5 6 7 8 9 10 11 | 11.6
Summonings     | 1 2 3 4 5 6 7 8 9 10 11 | 11.6
Necromancy     | 1 2 3 4 5 6 7 8 9 10 11 | 11.6
Translocations | 1 2 3 4 5 6 7 8 9 10 11 | 11.6
Ice Magic      | 1 2 3 4 5 6 7 8 9 10 11 | 11.6
Air Magic      | 1 2 3 4 5 6 7 8 9 10 11 | 11.6
Earth Magic    | 1 2 3 4 5 6 7 8 9 10 11 | 11.6
Armour         | 3 4 5 6 7 8 9 10 11 12 13 | 13.9
Fire Magic     | 4 5 6 7 8 9 10 11 12 | 12.2
Dodging        | 5 6 7 8 9 10 11 12 13 14 | 14.4
Evocations     | 5 6 7 8 9 10 11 12 13 14 | 14.4

Action                     |  1- 3 |  4- 6 |  7- 9 | 10-12 | 13-15 | 16-18 | 19-21 || total
---------------------------+-------+-------+-------+-------+-------+-------+-------++-------
  Melee: Dagger            |    22 |     7 |    13 |       |       |       |       ||    42
         Bite              |     4 |     1 |    12 |    77 |   205 |   275 |    63 ||   637
         Rapier            |       |       |    92 |   470 |  1154 |  1457 |   306 ||  3479
         Punch             |       |       |     2 |    10 |       |       |       ||    12
   Cast: Foxfire           |    64 |    84 |   167 |    32 |   133 |    10 |       ||   490
         Mephitic Cloud    |     1 |     3 |    16 |    79 |   160 |   124 |    56 ||   439
         Sticky Flame      |       |       |       |       |    58 |    32 |     1 ||    91
         Flame Wave        |       |       |       |       |    12 |    10 |       ||    22
         Dispel Undead     |       |       |       |       |    11 |     2 |       ||    13
         Bombard           |       |       |       |       |     5 |   195 |    65 ||   265
         Starburst         |       |       |       |       |       |     5 |       ||     5
         Fireball          |       |       |       |       |       |    62 |     7 ||    69
Ability: Evoke Blink       |       |       |       |       |     2 |       |       ||     2
  Evoke: Wand              |       |     1 |     9 |     5 |    14 |     1 |       ||    30
         Lightning rod     |       |       |       |     2 |     6 |       |       ||     8
         Sack of spiders   |       |       |       |       |       |     1 |       ||     1
    Use: Potion            |       |       |     7 |       |       |       |       ||     7
         Scroll            |       |       |    10 |     4 |    17 |     3 |     3 ||    37
   Stab: Confused          |       |       |     7 |    69 |   142 |   103 |    27 ||   348
         Sleeping          |       |       |     4 |     5 |    25 |    22 |     3 ||    59
         Invisible         |       |       |     1 |       |       |       |       ||     1
         Distracted        |       |       |       |       |     3 |     2 |     1 ||     6
 Armour: Robe              |    17 |    25 |   101 |    17 |       |       |       ||   160
         Steam dragon scal |       |       |       |   109 |   287 |   424 |   120 ||   940
  Dodge: Dodged            |    12 |    27 |    87 |   171 |   460 |   463 |    85 ||  1305
  Block: Other             |       |       |       |    23 |       |       |       ||    23
         Reflection        |       |       |       |    13 |    20 |    84 |     8 ||   125
         Buckler           |       |       |       |   111 |   445 |   520 |    77 ||  1153
         Kite shield       |       |       |       |       |       |       |    12 ||    12

Table legend: (Time is in decaauts)
 A = Elapsed time spent in this place.
 B = Non-inter-level travel time spent in this place.
 C = Inter-level travel time spent in this place.
 D = Time resting spent in this place.
 E = Time spent auto-exploring this place.
 F = Levels seen in this place.
 G = Mean time per level.
                   A        B        C        D        E       F      G
               +--------+--------+--------+--------+--------+-----+--------+
         Total |  48260 |  45403 |   2857 |   6135 |  27511 |  32 | 1508.1 |
       Dungeon |  19606 |  18211 |   1395 |   1692 |  12832 |  15 | 1307.1 |
          Lair |   6587 |   5925 |    662 |    293 |   4081 |   5 | 1317.4 |
     Snake Pit |  13008 |  12644 |    364 |   2560 |   6908 |   4 | 3252.0 |
  Orcish Mines |   2153 |   1799 |    354 |    140 |    857 |   2 | 1076.5 |
   Elven Halls |   4061 |   3982 |     79 |    732 |   2154 |   3 | 1353.7 |
      Ice Cave |    577 |    577 |      0 |    168 |      0 |   1 |  577.0 |
        Wizlab |   1492 |   1492 |      0 |    355 |    550 |   1 | 1492.0 |
      Gauntlet |    772 |    772 |      0 |    195 |    128 |   1 |  772.0 |
               +--------+--------+--------+--------+--------+-----+--------+

Top non-repeatable levels by time:
 Snake:4: 4046 daAuts
 Snake:3: 3593 daAuts
 Snake:1: 2855 daAuts
 Snake:2: 2513 daAuts
  Lair:5: 1990 daAuts
   Elf:2: 1930 daAuts
    D:12: 1918 daAuts
   Elf:1: 1794 daAuts
    D:14: 1786 daAuts
     D:6: 1741 daAuts
     D:5: 1545 daAuts
  WizLab: 1492 daAuts
     D:3: 1491 daAuts
     D:7: 1384 daAuts
  Lair:3: 1351 daAuts
